Cogmind - Beta 13 @@@ ROGUE MODE // 2024.07.03 @ 14:21:31 Player: Minty Result: Destroyed by YI-UF0 with YI-UF0's Doublenader Performance ------------- Evolutions (0) 0 Regions Visited (2) 400 Robots Destroyed (11) 55 Value Destroyed (147) 147 Prototype IDs (2) 40 Alien Tech Used (0) 0 Bonus (0) 0 TOTAL SCORE: 642 Bonus ------- None Cogmind --------- Core Integrity 0/250 Matter 134/300 Energy 90/100 System Corruption 0% Temperature Cool (0) Movement Core (100) Ox1 Location -10/Mines Parts ------- > --- POWER (1) -------- (None) > --- PROPULSION (2) --- (None) > --- UTILITY (2) ------ Small Storage Unit Power Shielding > --- WEAPON (2) ------- (None) > --- INVENTORY (8) ---- Light Treads Light Treads Wheel Compact Wheel Seismic Detector Hacking Suite Peak State ------------ > --- POWER ------------ Ion Engine > --- PROPULSION ------- Aluminum Leg Aluminum Leg > --- UTILITY ---------- Small Storage Unit Power Shielding > --- WEAPON ----------- EM Pulse Gun EM Pulse Gun > --- INVENTORY -------- Light Ion Engine Light Treads Light Treads Wheel Compact Wheel Seismic Detector Hacking Suite Grenade Launcher [Rating: 8] Favorites ----------- Power Ion Engine Engine Ion Engine Propulsion Aluminum Leg Leg Aluminum Leg Utility Small Storage Unit Storage Small Storage Unit Protection Power Shielding Weapon EM Pulse Gun Energy Gun EM Pulse Gun Ballistic Gun Light Assault Rifle Launcher Grenade Launcher Build | -11 -10 -10 ------- Run | Yrd Mat Min Slots Evolved . | . . . Power . | . . . Propulsion . | . . . Utility . | . . . Weapon . | . . . Parts Attached 11 | . 7 4 Power . | . . . Engine . | . . . Core . | . . . Reactor . | . . . Propulsion . | . . . Treads . | . . . Leg . | . . . Wheel . | . . . Hover . | . . . Flight . | . . . Utility 1 | . 1 . Device . | . . . Storage . | . . . Processor . | . . . Hackware . | . . . Protection 1 | . 1 . Artifact . | . . . Weapon 10 | . 6 4 Energy Gun 7 | . 5 2 Energy Cannon . | . . . Ballistic Gun . | . . . Ballistic Cannon . | . . . Launcher 3 | . 1 2 Special Weapon . | . . . Impact Weapon . | . . . Slashing Weapon . | . . . Piercing Weapon . | . . . Special Melee Weapon . | . . . Unidentified Prototypes . | . . . Parts Lost 6 | . . 6 Power 1 | . . 1 Propulsion 2 | . . 2 Utility . | . . . Weapon 3 | . . 3 Highest Loss Streak 6 | . . 6 To Critical Strikes . | . . . Average Slot Usage (%) 92 | . 93 88 Engine 14 | . 14 14 Leg 28 | . 28 28 Storage 14 | . 14 14 Protection 11 | . 10 14 Energy Gun 19 | . 24 5 Launcher 3 | . 1 11 Naked Turns . | . . . Heaviest Build 15 | 13 15 15 Greatest Support 20 | 20 20 20 Greatest Overweight (x) . | . . . Average Overweight (x) . | . . . Largest Inventory Capacity 8 | . 8 8 Average Capacity 8 | . 8 8 Most Carried 8 | . 8 8 Average Carried 6 | . 6 7 Final Capacity 8 | 8 8 8 Final Carried 8 | 6 8 6 Class Distribution -------------------- 100% | Mutant Dominant Class ---------------- Mutant | -10/Materials Mutant | -10/Mines Resources | -11 -10 -10 ----------- Run | Yrd Mat Min Matter Collected 291 | 192 58 41 Remotely . | . . . Salvage Created 309 | . 275 34 Parts 17 | . 17 . Haulers Intercepted . | . . . Recyclers Shooed 1 | . 1 . Parts Field Recycled . | . . . Retrieved Matter . | . . . Parts Self-Destructed . | . . . Prevented . | . . . Kills | -11 -10 -10 ------- Run | Yrd Mat Min Combat Hostiles Destroyed 19 | . 7 12 Guns 2 | . 2 . AOE 17 | . 5 12 Classes Destroyed 6 | . 5 1 Builder 1 | . 1 . Recycler 2 | . 2 . Operator 1 | . 1 . Swarmer 6 | . 6 . Grunt 1 | . 1 . Assembled 12 | . . 12 Best Kill Streak 12 | . 6 12 Combat Bots Only 12 | . 4 12 Max Kills in Single Turn 3 | . 2 3 Gunslinging . | . . . Exploded 3 | . 2 3 Melee . | . . . Uniques/NPCs Destroyed . | . . . Combat | -11 -10 -10 -------- Run | Yrd Mat Min Hostile Shots Fired 64 | . 32 32 Missed 20 | . 9 11 Damage Taken 732 | . 210 522 Core 255 | . 32 223 Absorbed by Shields . | . . . Redirected to Shielding 22 | . 4 18 Regen/Repaired (Parts) 29 | . 29 . Core Remaining (%) 100 | 100 . . Volleys Fired 34 | . 19 15 Largest 2 | . 2 2 Hottest 80 | . 80 80 Shots Fired 49 | . 33 16 Gun 31 | . 29 2 Cannon . | . . . Launcher 18 | . 4 14 Special . | . . . Kinetic . | . . . Thermal . | . . . Explosive 18 | . 4 14 Electromagnetic 31 | . 29 2 Robot Hit Streak 7 | . 3 7 Robot Miss Streak 3 | . 3 1 Penetration Max . | . . . Secondary Targets . | . . . Shots Hit Robots 21 | . 13 8 Core Hits 36 | . 16 20 Critical Kills . | . . . Critical Parts Destroyed . | . . . Critical Strikes . | . . . Melee Attacks . | . . . Impact . | . . . Slashing . | . . . Piercing . | . . . Sneak Attacks . | . . . Combat Hostiles . | . . . Follow-up Attacks . | . . . Damage Inflicted 1348 | . 510 838 Guns 226 | . 203 23 Cannons . | . . . Explosions 1118 | . 306 812 Melee . | . . . Ramming 4 | . 1 3 Kinetic . | . . . Thermal 183 | . 140 43 Explosive 935 | . 166 769 Electromagnetic 226 | . 203 23 Impact . | . . . Slashing . | . . . Piercing . | . . . Highest Corruption . | . . . Average Corruption . | . . . Corruption Purged . | . . . Corruption Blocked . | . . . Overload Shots . | . . . Overflow Damage 46 | . 22 24 Projectiles . | . . . Explosions 46 | . 22 24 Melee . | . . . Knockbacks . | . . . Impact . | . . . Kinetic . | . . . Secondary . | . . . Self-Inflicted Damage 76 | . 7 69 Shots 4 | . 1 3 Rammed . | . . . Targets Rammed 2 | . 1 1 Kicked 2 | . 1 1 Crushed . | . . . Highest Temperature 216 | . 216 8 Average Temperature 95 | . 99 7 Received Heat Transfer 24 | . 24 . Effects 1 | . 1 . Interference 1 | . 1 . Siege Activations . | . . . Robots Corrupted . | . . . Combat Hostiles . | . . . Parts Fried . | . . . Impact Corruptions . | . . . Robots Melted . | . . . Combat Hostiles . | . . . Parts Melted . | . . . Heat Transferred 300 | . 250 50 Parts Sabotaged . | . . . Parts Stolen . | . . . Parts Stripped . | . . . Power Chain Reactions 4 | . 3 1 Alert | -11 -10 -10 ------- Run | Yrd Mat Min Peak Influence 229 | . 229 164 Initial 88 | . . 88 Average 109 | . 108 111 Maximum Alert Level 1 | . 1 . Low Security (%) 80 | . 72 100 Level 1 19 | . 27 . Level 2 . | . . . Level 3 . | . . . Level 4 . | . . . Level 5 . | . . . High Security . | . . . Max Security . | . . . Squads Dispatched 1 | . 1 . Investigation . | . . . Extermination . | . . . Reinforcement 1 | . 1 . Assault . | . . . Garrison . | . . . Intercept . | . . . Searches Triggered . | . . . Construction Impeded . | . . . Haulers Reinforced . | . . . Active Scanning Responses . | . . . Cargo Convoy Interrupts . | . . . Stealth | -11 -10 -10 --------- Run | Yrd Mat Min Distress Signals 1 | . 1 . Communications Jammed . | . . . Distress Signals . | . . . Times Spotted 24 | . 10 14 Peak Tracking Total 8 | . 3 8 Tactical Retreats . | . . . Traps | -11 -10 -10 ------- Run | Yrd Mat Min Traps Triggered . | . . . Indirectly . | . . . Trap Hack Attempts . | . . . Triggered . | . . . Disarmed . | . . . Reprogrammed . | . . . Reused . | . . . Traps Extracted . | . . . Installed . | . . . Triggered . | . . . Machines | -11 -10 -10 ---------- Run | Yrd Mat Min Machines Disabled 2 | . 1 1 Max in Single Turn 1 | . 1 1 Machines Repaired . | . . . Machines Dismantled . | . . . Machines Sabotaged . | . . . Overloaded Fab Kills . | . . . Hacking | -11 -10 -10 --------- Run | Yrd Mat Min Machines Accessed 4 | . 4 . Terminals 3 | . 3 . Fabricators . | . . . Repair Stations 1 | . 1 . Recycling Units . | . . . Scanalyzers . | . . . Garrison Access . | . . . Total Hacks 14 | . 14 . Successful 8 | . 8 . Failed 6 | . 6 . Catastrophic . | . . . Database Lockouts . | . . . Manual 5 | . 5 . Terminals 12 | . 12 . Fabricators . | . . . Repair Stations 2 | . 2 . Recycling Units . | . . . Scanalyzers . | . . . Garrison Access . | . . . Terminal Hacks 3 | . 3 . Prototype ID Bank 1 | . 1 . Zone Layout 2 | . 2 . Fabricator Hacks . | . . . Repair Station Hacks 2 | . 2 . Scan Component 1 | . 1 . Repair 1 | . 1 . Recycling Unit Hacks . | . . . Scanalyzer . | . . . Garrison Access Hacks . | . . . Unauthorized Hacks 3 | . 3 . Terminals 3 | . 3 . Botnet 3 | . 3 . Fabricators . | . . . Repair Stations . | . . . Recycling Units . | . . . Scanalyzers . | . . . Garrison Access . | . . . Data Cores Recovered . | . . . Used . | . . . Hacking Detections 4 | . 4 . Full Trace Events 1 | . 1 . Feedback Events . | . . . Feedback Blocked . | . . . Robot Schematics Acquired . | . . . Robots Built . | . . . Authchips . | . . . Time . | . . . Total Robot Build Rating . | . . . Part Schematics Acquired . | . . . Parts Built . | . . . Authchips . | . . . Time . | . . . Total Part Build Rating . | . . . Parts Repaired 1 | . 1 . Time 26 | . 26 . Parts Recycled . | . . . Recycled Matter . | . . . Retrieved Matter . | . . . Retrieved Components . | . . . Parts Scanalyzed . | . . . Part Schematics Acquired . | . . . Parts Damaged . | . . . Bothacking | -11 -10 -10 ------------ Run | Yrd Mat Min Used RIF Installer . | . . . Robots Hacked . | . . . Non-combat . | . . . Combat . | . . . Robot Hacks Applied . | . . . Relay Couplers Released . | . . . Fabnet Peak Effective % . | . . . Robots Rewired . | . . . Allies Hacked . | . . . Hacks Repelled . | . . . Allies | -11 -10 -10 -------- Run | Yrd Mat Min Total Allies . | . . . Largest Group . | . . . Highest-Rated Group . | . . . Highest-Rated Ally . | . . . Total Orders . | . . . Ally Attacks . | . . . Total Damage . | . . . Kills . | . . . Allies Corrupted . | . . . Allies Melted . | . . . Intel | -11 -10 -10 ------- Run | Yrd Mat Min Robot Analysis Total . | . . . Derelict Logs Recovered . | . . . Drone Launches . | . . . Drone Recoveries . | . . . Exploration | -11 -10 -10 ------------- Run | Yrd Mat Min Turns Passed 378 | . 273 105 Spaces Moved 204 | 1 147 56 Core . | . . . Treads . | . . . Legs 204 | 1 147 56 Wheels . | . . . Hover . | . . . Flight . | . . . Fastest Speed 120 | 120 120 120 Average Speed 120 | 120 120 120 Slowest Speed 120 | 120 120 120 Overloaded Moves . | . . . Propulsion Burnouts . | . . . Robots Hopped . | . . . Cave-ins Triggered . | . . . Exploration Rate (%) 21 | 3 40 21 Regions Visited 2 Branch Regions 1 Pre-discovered Areas . | . . . Known Exits Taken . | . . . Unknown Exits Taken 2 | 1 1 . Scrap Searched . | . . . Spaces Dug . | . . . Terrain Destroyed 71 | . 19 52 Melee . | . . . Projectile . | . . . AOE 71 | . 19 52 Terrain Rammed . | . . . Walls Destroyed . | . . . Machines Disabled . | . . . Actions | -11 -10 -10 --------- Run | Yrd Mat Min Total 288 | . 210 78 Wait 30 | . 30 . Move 202 | . 146 56 Hop . | . . . Pick Up 3 | . 3 . Fast Attach 3 | . 3 . Attach 4 | . 2 2 Detach 3 | . 2 1 Swap 4 | . 2 2 Drop 3 | . 2 1 Fire 34 | . 19 15 Melee . | . . . Ram . | . . . Kick 2 | . 1 1 Crush . | . . . Escape Stasis . | . . . Rewire . | . . . Trap . | . . . Miscellaneous . | . . . Route ------- -11/Scrapyard -10/Materials (discovered 2 exits: [Mat] / [*Min]) -10/Mines History --------- Turn | Location | Event 1 | -11/Scrapyard | Discovered new exit (range 0) 1 | -11/Scrapyard | Entered Materials 162 | -10/Materials | Repaired EM Pulse Gun 193 | -10/Materials | Discovered new exit (range 7) 250 | -10/Materials | Discovered new exit (range 20) 274 | -10/Materials | Entered Mines 275 | -10/Mines | Assembled infested the area 314 | -10/Mines | Build established: Mutant 372 | -10/Mines | Core integrity fell below 50% 376 | -10/Mines | Destroyed 12 combat bots 378 | -10/Mines | Core integrity fell below 20% 379 | -10/Mines | Destroyed by YI-UF0 with YI-UF0's Doublenader Last Messages --------------- 00337_ as-51127 destroyed. 00339_ The unstable cave ceiling collapses. 00342_ Acquired 2 matter. 00344_ The unstable cave ceiling collapses. 00345_ Kicked as-32312 out of the way. 00351_ as-32312 destroyed. 00351_ as-24912 destroyed. 00355_ as-50374 destroyed. 00359_ Acquired 1 matter. 00366_ The unstable cave ceiling collapses. 00369_ Acquired 2 matter. 00370_ Acquired 36 matter. 00371_ Aluminum Leg destroyed. 00374_ Chain reaction triggered in Imp. Deuterium Engine. 00374_ Core Extractor disabled. 00375_ as-61832 destroyed. 00375_ Ion Engine destroyed. 00377_ Aluminum Leg destroyed. 00377_ EM Pulse Gun destroyed. 00379_ Grenade Launcher destroyed. Map ----- +----------------------------------------------------+ | ????# #?????????????????????????????? | | ????# #?????????????????????????????? | | ????# #??????????????????????????????? | | ????## #??????????????????????????????? | | ????## #??????????????????????????????? | | ????# #??????????????????????????????? | | ????# #??????????????????????????????? | | ????## #??????????????????????????????? | | ?????# #??????????????????????????????? | | ????## ##??????????????????????????????? | | ???##* ##??????????????? ????????????? | | ???# ##????????????## ??????????? | | ????# ##???????????# ?????????? | | ????# #??????????? #????????? | | ????# #??????????? #???????? | | ????# ####????????# ???????? | | ????# ##???????# ????????? | | ????### ##?????## ?????????? | | ??????## ##?#### ??????????? | | ???????# # ### #???????????? | | ???????## ### ####?????????? | | ???????## #?????????? | | ???????# % ##????#???? | | ???????## # ##??? | | ????????# *! #??? | | ????????# @ %= #??? | | ????????# #!= #???? | | ????????# #?????????? | | ?????# g #?????????? | | ?????# #### #?????????? | | ?????# ### #?# ## ????????? | | ?????# ??##### "" #? ? ???????? | | ????? ???????## ##? ?? ??????? | | ????#?????????# ##?? ###